 Dungeon Crawl Stone Soup version 0.29.0-4-gdea44cf6ec (webtiles) character file.

Game seed: 14002458909972275885

227 qw the Sneak (level 6, 0/37 HPs)
             Began as a Gargoyle Delver on Sept 10, 2022.
             Slain by a black bear (1 damage)
             ... on level 4 of the Dungeon.
             The game lasted 00:00:19 (1200 turns).

qw the Sneak (Gargoyle Delver)                      Turns: 1200, Time: 00:00:20

Health: 0/37       AC: 10    Str: 18    XL:     6   Next: 2%
Magic:  6/6        EV: 11    Int: 10    God:
Gold:   0          SH:  0    Dex: 11    Spells: 5/5 levels left

rFire   . . .      SeeInvis .   Y - +0 war axe
rCold   . . .      Faith    .   (no shield)
rNeg    + . .      Spirit   .   l - +0 ring mail
rPois   inf        Reflect  .   (no helmet)
rElec   +          Harm     .   (no cloak)
rCorr   .          Rampage  .   (no gloves)
Will    .....                   i - +0 pair of boots
Stlth   ++........              (no amulet)
HPRegen 0.12/turn               (no ring)
MPRegen 0.10/turn               (no ring)

@: no status effects
A: sickness immunity, AC +4, negative energy resistance 1, electricity
resistance, torment resistance 1, petrification resistance
a: no special abilities


You were on level 4 of the Dungeon.
You visited 1 branch of the dungeon, and saw 2 of its levels.


Innate Abilities, Weirdness & Mutations

You are immune to sickness and miasma.
Your stone body is resilient. (AC +4)
You are immune to poison.
You resist negative energy. (rN+)
You are resistant to electric shocks. (rElec)
You are resistant to unholy torment.
You are immune to petrification.


   Skills:
 + Level 3.3 Fighting
 - Level 5.2 Axes
 - Level 1.6 Armour
 - Level 1.5 Dodging
 - Level 5.4 Stealth


You had 5 spell levels left.
You didn't know any spells.
Your spell library was empty.

Inventory:

Hand Weapons
 Y - a +0 war axe (weapon)
Armour
 i - a +0 pair of boots (worn)
 l - a +0 ring mail (worn)
Wands
 g - a wand of digging (3)
Potions
 f - a potion of haste
 h - 2 potions of cancellation
 k - a potion of curing {unknown}

Dungeon Overview and Level Annotations

Branches:
Dungeon (5/15)
 Temple: D:4-7

Altars:
Elyvilon
Fedhas


Message History

The black bear claws you but does no damage.
You closely miss the black bear. The black bear completely misses you.
The black bear claws you but does no damage.
The black bear barely misses you. The black bear bites you.
The black bear claws you but does no damage. x2
You hit the black bear.
The black bear is moderately wounded.
The black bear bites you. The black bear misses you.
The black bear barely misses you.
You barely miss the black bear.
The black bear is lightly wounded.
The black bear barely misses you. The black bear closely misses you. x2
You hit the black bear but do no damage.
The black bear is lightly wounded.
The black bear completely misses you.
The black bear claws you but does no damage.
The black bear barely misses you.
You hit the black bear.
The black bear is moderately wounded.
The black bear bites you. The black bear closely misses you.
The black bear claws you but does no damage.
You slash the black bear!
The black bear is almost dead.
The black bear barely misses you. The black bear claws you. x2
The black bear misses you. The black bear closely misses you.
The black bear claws you but does no damage.
You hit the black bear.
The black bear is almost dead.
The black bear goes berserk!
You closely miss the black bear.
The black bear is almost dead.
The black bear bites you.
The black bear claws you but does no damage. x2
The black bear barely misses you.
The black bear claws you but does no damage. x2
You hit the black bear.
The black bear is almost dead.
The black bear bites you! The black bear claws you.
You die...

###### .
#....####### ..
#...........
...#.....).....
...............
...............
.......))......
.......@#
....###h# . #.#
#.# #.# ... #.#
#.#


You could see a black bear (berserk).

Vanquished Creatures
  2 scorpions (D:5)
  A hound (D:5)
  An orc priest (D:4)
  An iguana (D:5)
  An adder (D:5)
  2 orcs (D:4)
  An endoplasm (D:4)
  6 jackals (D:5)
  A quokka (D:4)
16 creatures vanquished.

Notes
Turn   | Place    | Note
-------+----------+-------------------------------------------
     0 | D:5      | qw the Gargoyle Delver began the quest for the Orb.
     0 | D:5      | Reached XP level 1. HP: 14/14 MP: 1/1
     0 | D:5      | 0 ||| qw: Version: 0.1-a-116-g5d60599
     0 | D:5      | 0 ||| qw: Game counter: 8267
     0 | D:5      | 0 ||| qw: Always use a shield: true
     0 | D:5      | 0 ||| qw: God list: Okawaru
     0 | D:5      | 0 ||| qw: Allow faded altars: false
     0 | D:5      | 0 ||| qw: Do Orc after D:15 true
     0 | D:5      | 0 ||| qw: Do second Lair branch before Depths: true
     0 | D:5      | 0 ||| qw: Lair rune preference: random
     0 | D:5      | 0 ||| qw: Plans: Normal
     0 | D:5      | 0 ||| PLANNING D:1-11
    29 | D:5      | Reached XP level 2. HP: 5/19 MP: 2/2
   107 | D:5      | 107 ||| Stepping ~*~*~tactically~*~*~ (stealth).
   347 | D:5      | Reached skill level 3 in Axes
   347 | D:5      | Reached XP level 3. HP: 9/23 MP: 3/3
   559 | D:5      | Found a blossoming altar of Fedhas.
   559 | D:5      | Found a white marble altar of Elyvilon.
   580 | D:5      | Noticed a scorpion
   591 | D:5      | Killed a scorpion
   592 | D:5      | Reached XP level 4. HP: 26/28 MP: 4/4
   687 | D:5      | Noticed a scorpion
   688 | D:5      | 688 ||| Stepping ~*~*~tactically~*~*~ (stealth).
   708 | D:5      | Reached XP level 5. HP: 18/32 MP: 5/5
   714 | D:5      | HP: 8/32 [scorpion (4)]
  1004 | D:5      | 1004 ||| SWAPPING to +0 war axe.
  1005 | D:5      | 1005 ||| DROPPING +0 hand axe.
  1006 | D:5      | 1006 ||| UPGRADING to +0 pair of boots.
  1011 | D:5      | 1011 ||| UPGRADING to +0 ring mail.
  1021 | D:5      | 1021 ||| DROPPING +0 leather armour.
  1022 | D:5      | 1022 ||| READING scroll labelled OCILUDOEDD.
  1023 | D:5      | 1023 ||| READING scroll labelled POINWO CATANY.
  1024 | D:5      | 1024 ||| DRINKING 3 blue potions.
  1025 | D:5      | 1025 ||| DROPPING scroll of fog.
  1026 | D:5      | 1026 ||| DROPPING scroll of magic mapping.
  1027 | D:5      | 1027 ||| DROPPING scroll of fear.
  1038 | D:4      | HP: 4/32 [orc/+2 flail of holy wrath (7)]
  1043 | D:4      | Reached skill level 1 in Armour
  1043 | D:4      | Reached XP level 6. HP: 4/37 MP: 6/6
  1046 | D:4      | HP: 2/37 [frozen (3)]
  1184 | D:4      | Noticed a black bear
  1200 | D:4      | HP: 1/37 [black bear (10)]
  1200 | D:4      | Slain by a black bear

Levels and vault maps discovered:
D:4:      layout_basic
D:5:      layout_cave_pods, nicolae_ru_the_path_less_chosen,
          nicolae_overflow_two_pavilions

Skill      XL: |  1  2  3  4  5 |
---------------+----------------+-----
Axes           | 2 3 4 5 |  5.2
Armour         | 1 |  1.6
Fighting       | |  3.3
Dodging        | |  1.5
Stealth        | |  5.4

Action                   |  1- 3 |  4- 6 || total
-------------------------+-------+-------++-------
Melee: Hand axe          |    38 |    30 ||    68
       Punch             |     1 |       ||     1
       War axe           |       |    20 ||    20
  Use: Scroll            |       |     2 ||     2
       Potion            |       |     1 ||     1
Armor: Leather armour    |    18 |    12 ||    30
       Ring mail         |       |    12 ||    12
Dodge: Dodged            |    28 |    40 ||    68

Table legend:
 A = Non-vault XP
 B = Vault XP
 C = Vault XP percentage of total XP
 D = Non-vault monster count
 E = Vault monster count
 F = Vault count percentage of total count
                 A         B        C        D         E       F
            +---------+---------+-------+---------+---------+-------
      Total |     325 |       0 |   0.0 |      16 |       0 |   0.0
            +---------+---------+-------+---------+---------+-------
        D:4 |      51 |       0 |   0.0 |       5 |       0 |   0.0
        D:5 |     274 |       0 |   0.0 |      11 |       0 |   0.0
            +---------+---------+-------+---------+---------+-------
